 Dungeon Crawl Stone Soup version 0.30-a0-726-gd89dcf765f (webtiles) character file.

Game seed: 4959744025907044197

3847 NinjaNoafa the Wallflower (level 10, -4/72 (73) HPs)
             Began as a Merfolk Warper on Jan 29, 2023.
             Was a Believer of Uskayaw.
             Slain by Psyche
             ... wielding a +1 dagger of distortion
              (19 damage)
             ... on level 8 of the Dungeon.
             The game lasted 00:27:19 (9333 turns).

NinjaNoafa the Wallflower (Merfolk Warper)          Turns: 9333, Time: 00:27:20

HP:   -4/72 (73)    AC: 10    Str: 12    XL:     10   Next: 18%
MP:   9/17          EV: 14    Int: 13    God:    Uskayaw [**....]
Gold: 493           SH:  4    Dex: 17    Spells: 2/19 levels left

rFire   . . .      SeeInvis .    a - +0 rapier
rCold   . . .      Faith    .    N - +0 buckler
rNeg    + . .      Spirit   .    b - +2 robe {rN+}
rPois   .          Reflect  .    B - +2 helmet
rElec   .          Harm     .    z - scarf {+Inv}
rCorr   .          Rampage  .    (no gloves)
Will    .....                    g - +2 pair of boots
Stlth   ++                       (no amulet)
HPRegen 0.32/turn                u - ring of wizardry
MPRegen 0.15/turn                E - +4 ring of slaying

@: on blink cooldown, lightly drained
A: (nimble swimmer 2), mertail
a: Renounce Religion, Evoke Invisibility, Stomp, Line Pass


You were on level 8 of the Dungeon.
You worshipped Uskayaw.
Uskayaw was noncommittal.
You visited 2 branches of the dungeon, and saw 9 of its levels.

You collected 493 gold pieces.

Inventory:

Hand Weapons
 a - a +0 rapier (weapon)
Missiles
 d - 7 boomerangs of dispersal
 i - 12 poisoned darts
 r - 7 boomerangs (quivered)
 H - 2 throwing nets
 I - 2 atropa-tipped darts
Armour
 b - a +2 robe of positive energy (worn)
 g - a +2 pair of boots (worn)
 z - a scarf of invisibility (worn)
 B - a +2 helmet (worn)
 N - a +0 buckler (worn)
Jewellery
 l - a ring of see invisible
 n - a ring of willpower
 t - a ring of ice
 u - a ring of wizardry (left hand)
 E - a +4 ring of slaying (right hand)
 M - a ring of flight
Wands
 x - a wand of mindburst (22)
 y - a wand of flame (12)
 G - a wand of acid (5)
Scrolls
 c - 2 scrolls of blinking
 f - a scroll of acquirement {unknown}
 o - 3 scrolls of noise
 p - a scroll of vulnerability {unknown}
 q - 4 scrolls of brand weapon {unknown}
 s - 2 scrolls of poison {unknown}
 w - 3 scrolls of amnesia
 A - a scroll of teleportation {unknown}
 C - a scroll of magic mapping
 J - 3 scrolls of silence
 K - a scroll of fear {unknown}
Potions
 e - a potion of invisibility {unknown}
 h - 2 potions of attraction
 j - a potion of brilliance {unknown}
 k - a potion of mutation {unknown}
 m - a potion of might
 v - a potion of haste {unknown}
 D - a potion of ambrosia {unknown}
 F - 2 potions of curing
 L - 2 potions of lignification {unknown}


   Skills:
 - Level 4.7 Fighting
 - Level 5.0 Short Blades
 - Level 1.0 Throwing
 - Level 0.6 Armour
 - Level 5.5 Dodging
 - Level 2.9 Stealth
 + Level 1.8 Shields
 - Level 5.0 Spellcasting
 - Level 6.0 Translocations
 + Level 4.9 Air Magic
 + Level 6.6 Invocations
 - Level 2.5 Evocations


You had 2 spell levels left.
You knew the following spells:

 Your Spells              Type           Power      Damage    Failure   Level
a - Blink                 Tloc           36%        N/A       1%          2
b - Lesser Beckoning      Tloc           36%        N/A       1%          2
c - Teleport Other        Tloc           18%        N/A       2%          3
d - Vhi's Electric Charg  Tloc/Air       34%        N/A       3%          3
e - Swiftness             Air            15%        N/A       4%          3
f - Manifold Assault      Tloc           18%        N/A       9%          4

Your spell library contained the following spells:

 Spells                   Type           Power      Damage    Failure   Level
 Apportation              Tloc           36%        N/A       1%          1
 Shock                    Conj/Air       36%        1d5       3%          1
 Necrotise                Necr           12%        1d4       10%         1
 Summon Small Mammal      Summ           12%        N/A       10%         1
 Airstrike                Air            7%         2d(2-18)  13%         4
 Hailstorm                Conj/Ice       3%         3d3       28%         3
 Ice Form                 Ice/Tmut       3%         N/A       65%         4
 Simulacrum               Ice/Necr       1%         N/A       100%        6


Dungeon Overview and Level Annotations

Branches:
Dungeon (8/15)             Temple (1/1) D:4
   Lair: D:8-11

Altars:
Ashenzari
Cheibriados
Dithmenos
Elyvilon
Fedhas
Kikubaaqudgha
Makhleb
Nemelex Xobeh
Okawaru
Qazlal
Sif Muna
Trog
Uskayaw
Wu Jian
Xom
Yredelemnul
The Shining One

Annotations:
D:8 Grum, Psyche


Innate Abilities, Weirdness & Mutations

((You are very nimble when in or above water. (Stealth+, EV+, Speed+++)))
Your lower body shifts to a powerful aquatic tail in water.


Message History

You block Psyche's attack.
You miss Psyche.
Psyche is heavily wounded.
Psyche barely misses you. Psyche hits you but does no damage.
Space warps horribly around you!!
You hit Psyche.
Psyche is heavily wounded.
Psyche completely misses you.
Casting: Vhi's Electric Charge (dangerous; 3% risk of failure)
Confirm with . or Enter, or press ? or * to list all spells.
You blink.
Psyche cries.
Psyche hits you but does no damage. Space warps around you.
You hit Psyche.
Psyche is heavily wounded.
Psyche gestures wildly while chanting.
A swirling arc of seething chaos appears!
The arc of chaos hits the orc.
The orc is poisoned.
The orc dies!
The arc of chaos hits you.
You hit Psyche.
Psyche is heavily wounded.
Psyche hits you but does no damage.
You hit Psyche.
Psyche is severely wounded.
Psyche hits you with a +1 dagger of distortion.
* * * LOW HITPOINT WARNING * * *
Space warps around you.
* * * LOW HITPOINT WARNING * * *
Press: ? - help, v - describe, . - travel
Here: Psyche, wielding a +1 dagger of distortion and wearing a +2 robe of willpower (severely wounded)
The floor.
Unknown command.
Okay, then.
You hit Psyche but do no damage.
Psyche is severely wounded.
Psyche hits you but does no damage. Space warps horribly around you!
* * * LOW HITPOINT WARNING * * *
Psyche hits you but does no damage. Space warps horribly around you!!
You die...

## ... #. . #.# +..♣
♣ . #.# +y..♣o ..
#.#.# #..♣.♣♣..
#.#.# #......#
####.#.#####....## #
#..........##''# #
#.#@....<..###...# #
#.#@)......##...## #
#................###
##............[....
#..............###
#....###..#...##
###.## ##.##..# #.##
##.##.# #.# #.##.#


You could see Psyche.

Vanquished Creatures
  Pikel (D:7)
  Maggie (D:6)
  Prince Ribbit (D:7)
  A hornet (D:7)
  Grinder (D:3)
  Menkaure (D:6)
  A steam dragon (D:8)
  A water moccasin (D:6)
  2 ice beasts
  3 sky beasts (D:7)
  3 ogres
  3 lemures (D:7)
  A wolf (D:8)
  A phantom (D:4)
  Blork the orc (D:6)
  2 bullfrogs
  3 scorpions
  3 wights (D:8)
  2 howler monkeys
  2 electric eels (D:6)
  A jelly (D:6)
  2 orc priests
  4 hounds
  2 iguanas
  Terence (D:3)
  Ijyb (D:5)
  Natasha (thrice) (D:3)
  Robin (D:4)
  8 adders
  A shadow imp (D:6)
  2 white imps
  An ufetubus (D:5)
  A worm (D:2)
  2 dart slugs
  16 orcs
  8 ball pythons
  5 bats
  8 endoplasms
  4 giant cockroaches
  12 goblins
  10 hobgoblins
  5 jackals
  7 kobolds
  3 quokkas
  2 frilled lizards
  10 rats
154 creatures vanquished.

Vanquished Creatures (others)
  An orc (D:8)
  22 plants (D:6)
23 creatures vanquished.

Grand Total: 177 creatures vanquished

Notes
Turn   | Place    | Note
-------+----------+-------------------------------------------
     0 | D:1      | NinjaNoafa the Merfolk Warper began the quest for the Orb.
     0 | D:1      | Reached XP level 1. HP: 16/16 MP: 3/3
   141 | D:1      | Reached XP level 2. HP: 15/22 MP: 5/5
   642 | D:1      | Reached XP level 3. HP: 28/28 MP: 6/6
   798 | D:2      | Reached skill level 1 in Stealth
  1207 | D:2      | Identified the +2 robe of Anaesthesia {Str+2}
  1446 | D:1      | Learned a level 2 spell: Blink
  1483 | D:2      | Learned a level 2 spell: Lesser Beckoning
  1634 | D:2      | Reached XP level 4. HP: 30/34 MP: 7/7
  1728 | D:3      | Noticed Terence
  1875 | D:3      | Killed Terence
  2005 | D:3      | Found a hide-covered altar of Uskayaw.
  2106 | D:3      | Became a worshipper of Uskayaw the Reveller
  2179 | D:3      | Reached * piety under Uskayaw
  2275 | D:3      | Found an iron altar of Okawaru.
  2312 | D:3      | Reached XP level 5. HP: 33/40 MP: 5/8
  2434 | D:3      | Noticed Grinder
  2551 | D:4      | Learned a level 3 spell: Teleport Other
  2647 | D:4      | Reached ** piety under Uskayaw
  2837 | D:4      | Noticed Robin
  2921 | D:3      | Noticed Natasha
  2929 | D:3      | Killed Natasha
  2930 | D:3      | Reached skill level 1 in Invocations
  3082 | D:3      | Killed Grinder
  3083 | D:3      | Reached XP level 6. HP: 35/48 MP: 10/10
  3179 | D:3      | Noticed Natasha
  3191 | D:3      | Killed Natasha
  3221 | D:3      | Noticed Natasha
  3231 | D:3      | Killed Natasha
  3455 | D:4      | Reached XP level 7. HP: 39/53 MP: 11/11
  3658 | D:4      | Killed Robin
  3725 | D:4      | Found a staircase to the Ecumenical Temple.
  3826 | D:4      | Reached skill level 1 in Evocations
  4301 | D:5      | Entered Level 5 of the Dungeon
  4706 | Temple   | Entered the Ecumenical Temple
  4786 | D:5      | Noticed Ijyb
  4805 | D:5      | Killed Ijyb
  4898 | D:5      | Reached *** piety under Uskayaw
  4951 | D:5      | Reached skill level 1 in Air Magic
  5219 | D:5      | Reached XP level 8. HP: 60/60 MP: 10/12
  5673 | D:6      | Learned a level 3 spell: Vhi's Electric Charge
  5864 | D:6      | Noticed Blork the orc
  5878 | D:6      | Killed Blork the orc
  6032 | D:6      | Reached skill level 5 in Translocations
  6188 | D:6      | Reached **** piety under Uskayaw
  6192 | D:6      | Reached ***** piety under Uskayaw
  6349 | D:6      | Noticed Maggie
  6361 | D:6      | Killed Maggie
  6362 | D:6      | Reached skill level 5 in Invocations
  6362 | D:6      | Reached XP level 9. HP: 47/65 MP: 11/15
  6459 | D:6      | Learned a level 3 spell: Swiftness
  6637 | D:6      | Noticed Menkaure
  6651 | D:6      | Killed Menkaure
  6907 | D:6      | Found a bloodstained altar of Trog.
  7302 | D:7      | Noticed Prince Ribbit
  7318 | D:7      | Reached skill level 5 in Dodging
  7355 | D:7      | Killed Prince Ribbit
  7763 | D:7      | Reached skill level 5 in Short Blades
  8262 | D:7      | Noticed Pikel
  8278 | D:7      | Killed Pikel
  8689 | D:8      | Reached XP level 10. HP: 68/73 MP: 8/17
  8725 | D:8      | Reached skill level 1 in Shields
  8725 | D:8      | Reached skill level 5 in Spellcasting
  8831 | D:8      | Noticed Grum
  9272 | D:8      | Learned a level 4 spell: Manifold Assault
  9323 | D:8      | Noticed Psyche
  9333 | D:8      | Slain by Psyche

Illustrated notes

Levels and vault maps discovered:
D:1:      minmay_arrival_up_and_down, layout_loops_cross, serial_park_tiny_2,
          chequers_serial_rivers_room_b
D:2:      layout_basic
D:3:      layout_basic, mainiacjoe_overflow_concentric_impassable,
          okawaru_gym_becter, uniq_terence, uniq_natasha, uniq_grinder
D:4:      layout_loops_cross, minmay_temple_entry_glassed_door, uniq_robin
D:5:      layout_basic, chequers_hall_statues_corner_a, minmay_misc_feat_doors,
          hangedman_decor_peaks_small, uniq_ijyb
D:6:      layout_gridville, lemuel_tele_altar, serial_bayou,
          serial_bayou_shore_b, serial_bayou_pond_e, serial_bayou_shore_b,
          serial_bayou_lake_a, minmay_circle_x, uniq_maggie, uniq_blork_the_orc,
          uniq_menkaure
D:7:      layout_loops_ring, uniq_pikel, uniq_prince_ribbit1
D:8:      layout_loops_ring, chequers_garden, kennysheep_generic_room_3,
          uniq_psyche, uniq_grum
Temple:   nicolae_temple_ecumenical_triangle

Skill      XL: |  1  2  3  4  5  6  7  8  9 10 |
---------------+-------------------------------+-----
Dodging        | 3 4 5 |  5.5
Stealth        | 1 2 |  2.9
Translocations | 3 4 5 6 |  6.0
Invocations    | 1 3 5 6 |  6.6
Fighting       | 3 4 |  4.7
Short Blades   | 3 4 5 |  5.0
Spellcasting   | 3 4 5 |  5.0
Evocations     | 1 2 |  2.5
Air Magic      | 2 3 4 |  4.9
Shields        | 1 |  1.8
Throwing       | |  1.0
Armour         | |  0.6

Action                     |  1- 3 |  4- 6 |  7- 9 | 10-12 || total
---------------------------+-------+-------+-------+-------++-------
  Melee: Short sword       |   209 |   221 |    91 |       ||   521
         Punch             |     5 |     3 |     4 |       ||    12
         Unarmed           |       |     8 |    10 |       ||    18
         Dagger            |       |       |    92 |       ||    92
         Rapier            |       |       |   201 |    40 ||   241
         Tailslap          |       |       |     2 |       ||     2
  Throw: Boomerang         |     2 |     5 |    21 |     1 ||    29
         Dart              |       |    21 |     3 |     2 ||    26
   Cast: Lesser Beckoning  |       |     4 |     5 |       ||     9
         Blink             |       |     1 |     9 |     4 ||    14
         Teleport Other    |       |     2 |     4 |     6 ||    12
         Vhi's Electric Ch |       |       |    33 |     4 ||    37
         Swiftness         |       |       |     2 |     1 ||     3
         Manifold Assault  |       |       |       |     1 ||     1
 Invoke: Stomp             |       |       |     3 |     2 ||     5
  Evoke: Wand              |       |     2 |    14 |     1 ||    17
    Use: Scroll            |       |       |    10 |       ||    10
         Potion            |       |       |     2 |     2 ||     4
   Stab: Sleeping          |     2 |     1 |     2 |       ||     5
         Paralysed         |       |       |     6 |     1 ||     7
         Invisible         |       |       |     1 |       ||     1
 Armour: Leather armour    |    63 |       |       |       ||    63
         Robe              |     8 |    64 |    93 |    32 ||   197
         Skin              |     2 |       |       |       ||     2
  Dodge: Dodged            |   161 |   172 |   260 |    64 ||   657
  Block: Buckler           |       |       |       |    17 ||    17

Table legend: (Time is in decaauts)
 A = Elapsed time spent in this place.
 B = Non-inter-level travel time spent in this place.
 C = Inter-level travel time spent in this place.
 D = Time resting spent in this place.
 E = Time spent auto-exploring this place.
 F = Levels seen in this place.
 G = Mean time per level.
                   A        B        C        D        E       F      G
               +--------+--------+--------+--------+--------+-----+--------+
         Total |   9201 |   8643 |    558 |    324 |   6267 |   9 | 1022.3 |
       Dungeon |   9154 |   8606 |    548 |    324 |   6237 |   8 | 1144.2 |
        Temple |     46 |     36 |     10 |      0 |     30 |   1 |   46.0 |
               +--------+--------+--------+--------+--------+-----+--------+

Top non-repeatable levels by time:
     D:6: 1651 daAuts
     D:7: 1452 daAuts
     D:4: 1319 daAuts
     D:3: 1292 daAuts
     D:5: 1115 daAuts
     D:2: 941 daAuts
     D:1: 801 daAuts
     D:8: 581 daAuts
  Temple: 46 daAuts
